PCL
SPOKANE TRAPPERS @ MILE HIGH BRONCOS
09/10/2025
 
TOP OF THE 1ST
Spokane Trappers batting - Pitching for Mile High Broncos : RHP Fernand Picard
Pitching: RHP Fernand Picard
Batting: LHB Juan Viera 0-0: Called Strike
0-1: Called Strike
0-2: Ball
1-2: Ball
2-2: Ball
3-2: SINGLE (Line Drive, 4MD)
Batting: RHB John Craig 0-0: Called Strike
0-1: Fly out, F8 (Flyball, 8RM)
Batting: SHB Glenn Vadnais 0-0: Ball
1-0: Ball
Juan Viera steals 2nd base
2-0: Foul Ball, location: 2F
2-1: Ball
3-1: Swinging Strike
3-2: Strikes out swinging
Batting: LHB José Feliciano 0-0: Foul Ball, location: 2F
0-1: Fly out, F8 (Flyball, 8RM)
Top of the 1st over - 0 run(s), 1 hit(s), 0 error(s), 1 left on base; Spokane 0 - Mile High 0
BOTTOM OF THE 1ST
Mile High Broncos batting - Pitching for Spokane Trappers : LHP Adrián León
Pitching: LHP Adrián León
Batting: RHB Su-kweon Yu 0-0: Ball
1-0: Called Strike
1-1: Foul Ball, location: 2F
1-2: Fly out, F7 (Flyball, 78M)
Batting: RHB José Herrera 0-0: Foul Ball, location: 2F
0-1: Called Strike
0-2: Foul Ball, location: 2F
0-2: Ball
1-2: Foul Ball, location: 2F
1-2: Strikes out looking
Batting: RHB António Martínez 0-0: Ball
1-0: Foul Ball, location: 2F
1-1: Called Strike
1-2: Ball
2-2: Strikes out looking
Bottom of the 1st over - 0 run(s), 0 hit(s), 0 error(s), 0 left on base; Spokane 0 - Mile High 0
TOP OF THE 2ND
Spokane Trappers batting - Pitching for Mile High Broncos : RHP Fernand Picard
Batting: RHB Jeremy Carr 0-0: Swinging Strike
0-1: Called Strike
0-2: Strikes out looking
Batting: RHB Clyde Kelley 0-0: Called Strike
0-1: Called Strike
0-2: Strikes out swinging
Batting: RHB Toru Nakanishi 0-0: Swinging Strike
0-1: Ground out 6-3 (Groundball, 6M)
Top of the 2nd over - 0 run(s), 0 hit(s), 0 error(s), 0 left on base; Spokane 0 - Mile High 0
BOTTOM OF THE 2ND
Mile High Broncos batting - Pitching for Spokane Trappers : LHP Adrián León
Batting: RHB José Rodríguez 0-0: Foul Ball, location: 2F
0-1: Ball
1-1: Called Strike
1-2: Ball
2-2: Foul Ball, location: 2F
2-2: Strikes out swinging, 2-3 out at first.
Batting: RHB Matt Silver 0-0: Ball
1-0: Foul Ball, location: 2F
1-1: Ball
2-1: Swinging Strike
2-2: Ball
3-2: SINGLE (Groundball, 56D) (infield hit)
Batting: RHB Michael Woodruff 0-0: Ball
1-0: Swinging Strike
1-1: Called Strike
Matt Silver steals 2nd base
1-2: Strikes out swinging
Batting: LHB Bill Houston 0-0: Foul Ball, location: 2F
0-1: Swinging Strike
0-2: Ball
1-2: Strikes out swinging
Bottom of the 2nd over - 0 run(s), 1 hit(s), 0 error(s), 1 left on base; Spokane 0 - Mile High 0
TOP OF THE 3RD
Spokane Trappers batting - Pitching for Mile High Broncos : RHP Fernand Picard
Batting: LHB Jaime Padilla 0-0: Called Strike
0-1: Ball
1-1: SINGLE (Line Drive, 9LS)
Batting: RHB Dani Rodríguez 0-0: Ball
1-0: Foul Ball, location: 2F
1-1: Ball
2-1: Foul Ball, location: 2F
2-2: Ball
3-2: Strikes out looking
Batting: LHB Juan Viera 0-0: Ball
1-0: Fielders Choice at 2nd, 3-6 (Groundball, 3)
Batting: RHB John Craig 0-0: Ball
Juan Viera is caught stealing 2nd base
Top of the 3rd over - 0 run(s), 1 hit(s), 0 error(s), 0 left on base; Spokane 0 - Mile High 0
BOTTOM OF THE 3RD
Mile High Broncos batting - Pitching for Spokane Trappers : LHP Adrián León
Batting: RHB Jung-ha Kim 0-0: Called Strike
0-1: Fly out, F7 (Line Drive, 7LM)
Batting: SHB Tom Stevens 0-0: Ground out 2-3 (Groundball, 2R)
Batting: RHB Su-kweon Yu 0-0: Ball
1-0: Ball
2-0: Ball
3-0: Called Strike
3-1: Ground out 6-3 (Groundball, 6M)
Bottom of the 3rd over - 0 run(s), 0 hit(s), 0 error(s), 0 left on base; Spokane 0 - Mile High 0
TOP OF THE 4TH
Spokane Trappers batting - Pitching for Mile High Broncos : RHP Fernand Picard
Batting: RHB John Craig 0-0: Ball
1-0: Foul Ball, location: 2F
1-1: Foul Ball, location: 2F
1-2: Ground out 4-3 (Groundball, 4M)
Batting: SHB Glenn Vadnais 0-0: Swinging Strike
0-1: Ball
1-1: Ball
2-1: Swinging Strike
2-2: SOLO HOME RUN (Flyball, 9D), Distance : 381 ft
Batting: LHB José Feliciano 0-0: Ball
1-0: Ball
2-0: Fly out, F8 (Flyball, 8LS)
Batting: RHB Jeremy Carr 0-0: Ball
1-0: Fly out, F9 (Flyball, 9D)
Top of the 4th over - 1 run(s), 1 hit(s), 0 error(s), 0 left on base; Spokane 1 - Mile High 0
BOTTOM OF THE 4TH
Mile High Broncos batting - Pitching for Spokane Trappers : LHP Adrián León
Batting: RHB José Herrera 0-0: Fly out, F3 (Popup, 3F)
Batting: RHB António Martínez 0-0: Ball
1-0: Foul Ball, location: 2F
1-1: Ball
2-1: Ball
3-1: Base on Balls
Batting: RHB José Rodríguez 0-0: Ball
1-0: Called Strike
1-1: Swinging Strike
1-2: Strikes out looking
Batting: RHB Matt Silver 0-0: Called Strike
0-1: Fielders Choice at 2nd, U6 (Groundball, 6M)
Bottom of the 4th over - 0 run(s), 0 hit(s), 0 error(s), 1 left on base; Spokane 1 - Mile High 0
TOP OF THE 5TH
Spokane Trappers batting - Pitching for Mile High Broncos : RHP Fernand Picard
Batting: RHB Clyde Kelley 0-0: Called Strike
0-1: Swinging Strike
0-2: Strikes out looking
Batting: RHB Toru Nakanishi 0-0: Called Strike
0-1: Fly out, F9 (Flyball, 9D)
Batting: LHB Jaime Padilla 0-0: Reached on error, E5 (Groundball, 56S)
Batting: RHB Dani Rodríguez 0-0: Foul Ball, location: 2F
0-1: Ball
1-1: Ball
Jaime Padilla steals 2nd base
2-1: Swinging Strike
2-2: Strikes out swinging
Top of the 5th over - 0 run(s), 0 hit(s), 1 error(s), 1 left on base; Spokane 1 - Mile High 0
BOTTOM OF THE 5TH
Mile High Broncos batting - Pitching for Spokane Trappers : LHP Adrián León
Batting: RHB Michael Woodruff 0-0: Ball
1-0: Ball
2-0: Ground out 4-3 (Groundball, 4)
Batting: LHB Bill Houston 0-0: Foul Ball, location: 2F
0-1: Swinging Strike
0-2: SINGLE (Line Drive, 6D)
Batting: RHB Jung-ha Kim 0-0: Grounds into double play, U4-3 (Groundball, 4)
Bottom of the 5th over - 0 run(s), 1 hit(s), 0 error(s), 0 left on base; Spokane 1 - Mile High 0
TOP OF THE 6TH
Spokane Trappers batting - Pitching for Mile High Broncos : RHP Fernand Picard
Batting: LHB Juan Viera 0-0: Called Strike
0-1: Ground out 4-3 (Groundball, 4M)
Batting: RHB John Craig 0-0: Ball
1-0: Called Strike
1-1: Foul Ball, location: 2F
1-2: Ball
2-2: Ground out 5-3 (Groundball, 56)
Batting: SHB Glenn Vadnais 0-0: Ground out 4-3 (Groundball, 4M)
Top of the 6th over - 0 run(s), 0 hit(s), 0 error(s), 0 left on base; Spokane 1 - Mile High 0
BOTTOM OF THE 6TH
Mile High Broncos batting - Pitching for Spokane Trappers : LHP Adrián León
Batting: SHB Tom Stevens 0-0: Foul Ball, location: 2F
0-1: Ground out 5-3 (Groundball, 56)
Batting: RHB Su-kweon Yu 0-0: Foul Ball, location: 2F
0-1: Swinging Strike
0-2: Ball
1-2: Ball
2-2: Ground out 5-3 (Groundball, 5L)
Batting: RHB José Herrera 0-0: Ball
1-0: Ground out 6-3 (Groundball, 6)
Bottom of the 6th over - 0 run(s), 0 hit(s), 0 error(s), 0 left on base; Spokane 1 - Mile High 0
TOP OF THE 7TH
Spokane Trappers batting - Pitching for Mile High Broncos : RHP Fernand Picard
Batting: LHB José Feliciano 0-0: SOLO HOME RUN (Flyball, 7D), Distance : 378 ft
Batting: RHB Jeremy Carr 0-0: Ground out 6-3 (Groundball, 6M)
Batting: RHB Clyde Kelley 0-0: Called Strike
0-1: DOUBLE (Line Drive, 89M)
Batting: RHB Toru Nakanishi 0-0: Intentional Walk
Pinch Hitting: RHB Félix Tremblay 0-0: Swinging Strike
0-1: Ball
1-1: Ball
2-1: Foul Ball, location: 2F
2-2: SINGLE (Groundball, 4M)
Clyde Kelley to third
Toru Nakanishi to second
Runner from 3rd tries for Home, SAFE, no throw or cutoff
Pitching: LHP Mark Stewart
Batting: RHB Dani Rodríguez 0-0: Ball
1-0: Called Strike
1-1: Ball
2-1: Grounds into double play, 6-4-3 (Groundball, 6)
Top of the 7th over - 2 run(s), 3 hit(s), 0 error(s), 1 left on base; Spokane 3 - Mile High 0
BOTTOM OF THE 7TH
Mile High Broncos batting - Pitching for Spokane Trappers : LHP Adrián León
Now at 3B: Pedro Rodríguez
Batting: RHB António Martínez 0-0: Called Strike
0-1: Foul Ball, location: 2F
0-2: Strikes out swinging
Batting: RHB José Rodríguez 0-0: Ball
1-0: Called Strike
1-1: Ball
2-1: Called Strike
2-2: Ball
3-2: Foul Ball, location: 2F
3-2: Foul Ball, location: 2F
3-2: Fly out, F8 (Flyball, 8LM)
Batting: RHB Matt Silver 0-0: Fly out, F4 (Popup, 3)
Bottom of the 7th over - 0 run(s), 0 hit(s), 0 error(s), 0 left on base; Spokane 3 - Mile High 0
TOP OF THE 8TH
Spokane Trappers batting - Pitching for Mile High Broncos : LHP Mark Stewart
Batting: LHB Juan Viera 0-0: Ball
1-0: Foul Ball, location: 2F
1-1: Ball
2-1: Ball
3-1: Foul Ball, location: 2F
3-2: TRIPLE (Flyball, 89M)
Batting: RHB John Craig 0-0: Called Strike
0-1: Fly out, F8 (Flyball, 8LD)
Runner from 3rd tags up, SCORES, no throw
Batting: SHB Glenn Vadnais 0-0: Called Strike
0-1: Ball
1-1: Foul Ball, location: 2F
1-2: Strikes out looking
Batting: LHB José Feliciano 0-0: Ball
1-0: Ground out 6-3 (Groundball, 6M)
Top of the 8th over - 1 run(s), 1 hit(s), 0 error(s), 0 left on base; Spokane 4 - Mile High 0
BOTTOM OF THE 8TH
Mile High Broncos batting - Pitching for Spokane Trappers : LHP Adrián León
Pitching: RHP Ching-wei Zi
Batting: RHB Michael Woodruff 0-0: Ball
1-0: Foul Ball, location: 2F
1-1: Swinging Strike
1-2: Foul Ball, location: 2F
1-2: Strikes out swinging
Batting: LHB Bill Houston 0-0: Ball
1-0: Ball
2-0: Ground out 1-3 (Groundball, 15S)
Batting: RHB Jung-ha Kim 0-0: Ball
1-0: Fly out, F3 (Popup, 3F)
Bottom of the 8th over - 0 run(s), 0 hit(s), 0 error(s), 0 left on base; Spokane 4 - Mile High 0
TOP OF THE 9TH
Spokane Trappers batting - Pitching for Mile High Broncos : LHP Mark Stewart
Pitching: RHP Tony Marrero
Batting: RHB Jeremy Carr 0-0: Called Strike
0-1: Ball
1-1: Fly out, F3 (Popup, 3SF)
Batting: RHB Clyde Kelley 0-0: Foul Ball, location: 2F
0-1: Foul Ball, location: 2F
0-2: Strikes out swinging
Batting: RHB Toru Nakanishi 0-0: Called Strike
0-1: Ball
1-1: Ball
2-1: Ball
3-1: Foul Ball, location: 2F
3-2: Base on Balls
Batting: RHB Pedro Rodríguez 0-0: Ball
1-0: Swinging Strike
1-1: Swinging Strike
1-2: Strikes out looking
Top of the 9th over - 0 run(s), 0 hit(s), 0 error(s), 1 left on base; Spokane 4 - Mile High 0
BOTTOM OF THE 9TH
Mile High Broncos batting - Pitching for Spokane Trappers : RHP Ching-wei Zi
Batting: SHB Tom Stevens 0-0: Ball
1-0: Ground out U3 (Groundball, 3)
Batting: RHB Su-kweon Yu 0-0: Ball
1-0: Swinging Strike
1-1: Swinging Strike
1-2: Strikes out swinging
Batting: RHB José Herrera 0-0: Swinging Strike
0-1: Ground out 1-3 (Groundball, 15)
Bottom of the 9th over - 0 run(s), 0 hit(s), 0 error(s), 0 left on base; Spokane 4 - Mile High 0
This league is powered by Out of the Park Baseball, the baseball management simulation game for PC, Mac and Linux
Tuesday, August 2nd, 2016 - OOTP Baseball 16.8 Build 38